Map: [ESL] Oceanborn

Players

ShoWTimE

  • Race: Protoss Protoss
  • Spawn Location: 5:00

Harstem - Winner!

  • Race: Protoss Protoss
  • Spawn Location: 11:00

Event: ESL SC2 Masters 2024 Spring (Regional)

VOD

Have the link to the VOD?

Description

Time

  • Played on: May 3, 2024, 10:50 a.m.
  • Length: 8:33

All games in this series

Show
View Real Time Build Order
Export as new Build Order

ShoWTimE Protoss 

Build Orders: Oracle Opening 

Get SALT Encoding   

  12  0:00  Probe  
  13  0:12  Probe  
  14  0:17  Pylon  
  14  0:24  Probe (Chrono Boost)  
  16  0:35  Gateway  
  16  0:36  Probe (Chrono Boost)  
  16  0:43  Probe (Chrono Boost)  
  16  0:46  Assimilator  
  17  0:50  Probe  
  18  0:58  Assimilator  
  18  1:03  Probe (Chrono Boost)  
  19  1:08  Gateway  
  19  1:13  Probe (Chrono Boost)  
  19  1:18  Probe (Chrono Boost)  
  20  1:23  Cybernetics Core  
  21  1:29  Probe  
  22  1:35  Pylon  
  22  1:41  Probe  
  23  1:53  Probe  
  24  1:59  Adept x2  
  24  2:00  Warp Gate  
  28  2:05  Probe  
  29  2:09  Pylon  
  29  2:20  Probe  
  30  2:25  Stargate  
  30  2:29  Adept  
  32  2:33  Adept  
  32  2:35  Probe  
  35  2:43  Pylon  
  35  2:49  Probe  
  36  3:01  Probe  
  37  3:06  Oracle (Chrono Boost)  
  40  3:14  Probe  
  41  3:23  Nexus  
  41  3:26  Probe  
  42  3:33  Oracle (Chrono Boost)  
  40  3:40  Shield Battery  
  39  3:48  Stalker  
  39  3:51  Stalker  
  43  4:03  Shield Battery  
  41  4:13  Stalker  
  41  4:15  Stalker  
  41  4:20  Probe  
  42  4:32  Shield Battery  
  42  4:38  Stalker  
  42  4:39  Stalker  
  42  4:42  Probe  
  43  4:54  Probe (Chrono Boost)  
  45  5:00  Twilight Council, Probe (Chrono Boost)  
  45  5:04  Probe (Chrono Boost)  
  47  5:07  Stalker  
  47  5:08  Probe (Chrono Boost)  
  47  5:09  Probe (Chrono Boost)  
  50  5:15  Stalker  
  50  5:18  Probe  
  50  5:20  Probe  
  54  5:28  Blink (Chrono Boost)  
  51  5:30  Probe  
  51  5:33  Probe  
  53  5:42  Probe  
  53  5:45  Probe  
  53  5:49  Gateway  
  55  5:51  Gateway  
  55  5:55  Probe  
  56  5:59  Pylon  
  56  6:04  Nexus  
  56  6:05  Pylon  
  56  6:06  Stalker  
  56  6:09  Stalker  
  56  6:11  Probe  
  61  6:12  Probe  
  61  6:18  Pylon  
  62  6:20  Dark Shrine  
  62  6:25  Gateway  
  62  6:27  Probe x2  
  62  6:29  Assimilator  
  64  6:35  Stalker  
  66  6:40  Stalker  
  66  6:42  Shield Battery, Probe  
  66  6:43  Probe  
  70  6:49  Pylon  
  70  6:53  Stalker x2  
  74  6:58  Pylon  
  74  7:03  Stalker  
  74  7:07  Nexus  
  72  7:32  Nexus  
  72  7:33  Pylon, Dark Templar x2  
  72  7:36  Stalker  
  78  7:38  Forge  
  78  7:41  Pylon, Probe x2  
  80  7:53  Stalker x2, Probe  
  80  7:54  Probe  
  86  8:04  Stalker  
  86  8:05  Probe  
  89  8:06  Probe  
  88  8:17  Probe  
  88  8:19  Stalker x4  
Show
View Real Time Build Order
Export as new Build Order

Harstem Protoss - Winner!

Build Orders:  

Get SALT Encoding   

  12  0:00  Probe  
  13  0:12  Probe  
  14  0:17  Pylon  
  14  0:24  Probe  
  15  0:35  Gateway  
  15  0:36  Probe (Chrono Boost)  
  16  0:46  Assimilator, Probe (Chrono Boost)  
  17  0:51  Probe (Chrono Boost)  
  17  0:54  Assimilator  
  18  1:03  Probe (Chrono Boost)  
  19  1:06  Gateway  
  20  1:12  Probe (Chrono Boost)  
  20  1:18  Probe  
  20  1:23  Cybernetics Core  
  21  1:30  Probe  
  22  1:37  Pylon  
  22  1:42  Probe  
  23  1:55  Probe  
  23  1:56  Warp Gate (Chrono Boost)  
  23  1:59  Sentry  
  23  2:00  Stalker  
  28  2:06  Pylon  
  28  2:07  Probe  
  29  2:22  Probe  
  30  2:23  Sentry  
  30  2:29  Pylon  
  32  2:36  Sentry  
  34  2:43  Nexus  
  33  2:50  Stalker  
  35  2:59  Stalker  
  35  3:05  Shield Battery  
  37  3:10  Pylon, Probe  
  38  3:16  Shield Battery  
  38  3:23  Probe  
  39  3:35  Probe  
  39  3:39  Stalker  
  39  3:40  Stalker  
  42  3:47  Probe  
  43  3:55  Robotics Facility  
  43  3:56  Probe  
  42  4:10  Stalker x2  
  42  4:13  Twilight Council  
  42  4:15  Probe  
  42  4:16  Probe  
  48  4:28  Probe  
  48  4:30  Probe  
  50  4:40  Stalker x2  
  50  4:43  Blink (Chrono Boost)  
  50  4:44  Probe (Chrono Boost)  
  53  4:46  Probe (Chrono Boost)  
  52  5:02  Phoenix  
  52  5:03  Probe x2 (Chrono Boost)  
  52  5:08  Probe (Chrono Boost)  
  52  5:10  Probe  
  52  5:14  Pylon  
  54  5:20  Probe  
  55  5:23  Probe  
  55  5:27  Pylon  
  56  5:33  Pylon, Probe  
  56  5:34  Stalker  
  59  5:36  Stalker  
  59  5:39  Probe  
  62  5:45  Probe  
  63  5:51  Pylon, Probe  
  64  5:58  Stalker, Probe  
  64  6:02  Dark Shrine  
  64  6:03  Stalker  
  69  6:05  Assimilator  
  71  6:17  Nexus  
  69  6:19  Probe  
  69  6:23  Stalker  
  72  6:27  Stalker  
  72  6:28  Probe  
  72  6:32  Probe  
  76  6:39  Gateway  
  76  6:40  Pylon  
  76  6:47  Probe  
  76  6:49  Probe  
  76  6:53  Stalker, Robotics Facility  
  80  6:54  Stalker  
  80  6:56  Phoenix  
  80  6:59  Probe  
  83  7:02  Probe  
  83  7:08  Gateway  
  84  7:11  Shield Battery, Probe  
  84  7:14  Probe  
  84  7:23  Probe  
  84  7:29  Dark Templar  
  87  7:30  Stalker  
  87  7:33  Probe  
  87  7:34  Probe, Forge  
  87  7:35  Probe  
  92  7:37  Stalker  
  92  7:41  Dark Templar  
  92  7:42  Observer (Chrono Boost)  
  93  7:45  Probe  
  93  7:46  Probe  
  93  7:47  Probe  
  93  7:51  Pylon  
  97  7:55  Stalker  
  97  7:57  Shield Battery, Probe  
  101  7:58  Probe  
  101  8:06  Probe  
  101  8:09  Pylon, Probe  
  101  8:10  Pylon  
  102  8:16  Probe  
  102  8:17  Stalker x3  
  102  8:18  Probe  
  105  8:24  Stalker  
  108  8:27  Assimilator  
Tags
 
Add a new tag
Caveats
  • Supply blocks, unpowered buildings, or Contaminate may cause inaccurate times.
  • Supply counts are checked every 10 seconds.